[Event "Early-Titled-Tuesday-Blitz-January-30-2024"]
[Site "Chess.com"]
[Date "2024.01.30"]
[Round "3"]
[White "the_chess_child"]
[Black "dcann0n88"]
[Result "1-0"]
[WhiteElo "2880"]
[BlackElo "2442"]
[TimeControl "180+1"]
[EndTime "8:32:26 PST"]
[Termination "the_chess_child won on time"]

1. e4 c5 2. Nf3 e6 3. d3 Nc6 4.
g3 g6 5. Bg2 Bg7 6. O-O Nge7 7.
Re1 e5 8. Nc3 O-O 9. Nd2 d6 10. Nc4 Be6 11. Nd5 Qd7 12. a4 Bh3 13. Bxh3 Qxh3 14. Nxe7+ Nxe7 15. Nxd6 f5 16. exf5 Nxf5 17.
Nxf5 Rxf5 18. Be3 b6 19. a5 Raf8 20. c3 Bh6 21. Qe2 Bxe3 22. fxe3 Rf2 23. Qxf2 Rxf2 24. Kxf2 Qxh2+ 25. Kf3 Qxb2 26. axb6 axb6 27. c4 Qc3 28. Ke4 Qb2 29. Ra8+ Kg7 30. Ra7+ Kf6 31. Rf1+ Kg5 32. Raf7 h5 33. R1f3 b5 34. cxb5 Qxb5 35. R3f6 c4 36. dxc4 Qxc4+ 37. Kxe5 Qc3+ 38. Ke4 Qc2+ 39. Kf3 Qd1+ 40. Ke4 Qh1+ 41. Rf3 Qb1+ 42. Ke5 Qb5+ 43. Ke6 Qc6+ 44. Ke7 Qe4+ 45. Kf8 Kh6 46. R7f4 Qb7 47.
e4 Qc8+ 48. Ke7 Qc7+ 49. Ke6 Qc8+ 50. Kd5 Qd7+ 51. Kc4 Qe6+ 52. Kd3 Qd6+ 53. Ke2 Qe5 54. Re3 Qb2+ 55. Kf1 g5 56. Rf2 Qc1+ 57. Re1 Qc4+ 58. Kg2 Qc6 59. Kh2 h4 60. gxh4 gxh4 61. e5 Kh5 62. e6 Qd6+ 63. Kh1 Qd5+ 64. Kg1 Qg5+ 65. Kf1 Qb5+ 66. Ree2 Qb1+ 67. Kg2 Qg6+ 68. Kh1 Qb1+ 69.
Kh2 Qb8+ 70. Kg1 Qb1+ 71. Rf1 Qg6+ 72. Kh1 Qd3 73. Re5+ Kg4 74. Rff5 Qd1+ 75. Kg2 h3+ 76. Kf2 Qd2+ 77. Kf1 Qg2+ 78. Ke1 Qg3+ 79. Ke2 Qg2+ 80. Rf2 Qc6 81. e7 1-0

[Event "Early-Titled-Tuesday-Blitz-January-30-2024"]
[Site "Chess.com"]
[Date "2024.01.30"]
[Round "3"]
[White "SaiAgni_98"]
[Black "profedechess93"]
[Result "1/2-1/2"]
[WhiteElo "2496"]
[BlackElo "2630"]
[TimeControl "180+1"]
[EndTime "8:32:27 PST"]
[Termination "Game drawn - insufficient material"]

1. e4 e6 2. d4 d5 3. Nd2 Be7 4. Ngf3 Nf6 5. Bd3 c5 6. dxc5 Nc6 7. O-O Bxc5 8. exd5 Qxd5 9. Qe2 O-O 10. Nb3 Be7 11. Rd1 Qh5 12. h3 e5 13. Bg5 Re8 14. Bxf6 Bxf6 15. Nfd2 Qxe2 16. Bxe2 Bf5 17. c3 Rad8 18.
Nc4 Bc2 19. Rd2 Rxd2 20. Nbxd2 Rd8 21. a4 a6 22. a5 e4 23. Rc1 Bd3 24. Bxd3 exd3 25.
f4 Be7 26. Re1 Bc5+ 27. Kf1 Kf8 28. g4 Ba7 29. Kg2 Bb8 30. Kf3 Bc7 31. b4 Ne7 32. Re4 Nd5 33. Nb1 Nxf4 34. h4 Ne6 35. Nbd2 h6 36. Re3 Bf4 37. Re4 g5 38. h5 Rc8 39.
Nb3 Rd8 40. Nbd2 Kg7 41. Kf2 Kf6 42. Ke1 Bg3+ 43. Kd1 Nf4 44. Rd4 Rxd4 45. cxd4 Ke6 46. Nb6 Bh4 47. Ne4 f5 48. Nc5+ Kf6 49. gxf5 Kxf5 50. Kd2 g4 51. Nxd3 g3 52. Ne1 g2 53.
Nxg2 Nxg2 54. Kd3 Nf4+ 55. Kc4 Ke6 56. Kc5 Be7+ 57. Kc4 Bd8 58. d5+ Kd6 59. Nc8+ Kc7 60. Nb6 Kd6 61. Nc8+ Kd7 62. Na7 Nxh5 63. b5 Nf6 64.
bxa6 bxa6 65. Nc6 Bc7 66. Nb4 Bxa5 67. Nxa6 Bd8 68. Nc5+ Kc8 69. Ne6 Nd7 70. Nf4 Ne5+ 71. Kd4 Nd7 72. Ke4 Bg5 73. Nh5 Kd8 74. Kf5 Ke7 75.
Kg6 Nf8+ 76. Kf5 Nd7 77. Kg6 Nf8+ 78. Kf5 Kf7 79. Ng3 Nd7 80. Ne4 Ke7 81. Nxg5 hxg5 82. Kxg5 Kd6 83. Kf4 Kxd5 1/2-1/2

[Event "Early-Titled-Tuesday-Blitz-January-30-2024"]
[Site "Chess.com"]
[Date "2024.01.30"]
[Round "3"]
[White "MetiForce"]
[Black "BelyakovBogdan"]
[Result "0-1"]
[WhiteElo "2842"]
[BlackElo "2544"]
[TimeControl "180+1"]
[EndTime "8:32:41 PST"]
[Termination "BelyakovBogdan won by resignation"]

1. d4 Nf6 2. Nc3 d5 3. Bf4 a6 4. e3 Bf5 5. Nf3 e6 6. Bd3 Bg6 7. Ne5 c5 8. h4 cxd4 9. exd4 Nc6 10. h5 Bxd3 11. Qxd3 Nxe5 12. Bxe5 Nd7 13. Bf4 Qa5 14.
h6 g6 15. Bd2 Qc7 16. O-O-O O-O-O 17. Rh3 Nb6 18. Kb1 Nc4 19. Bc1 Bb4 20. Ne2 Kb8 21.
Rf3 Rd7 22. c3 Bd6 23. b3 Na5 24. Bf4 Rc8 25. Qd2 Ka8 26. Rc1 Nc6 27. Bxd6 Qxd6 28. Nf4 Rdc7 29. Rd1 e5 30. dxe5 Nxe5 31. Rg3 d4 32.
Qxd4 Qxd4 33. cxd4 Nd7 34. Nd5 Rc2 35. Rf3 f5 36.
Ne7 R8c7 37. Nxg6 Re2 38. Nf4 Re4 39. d5 Ne5 40. d6 Rd7 41. Rc3 Rxf4 42. f3 Rh4 43.
Rc5 Nc6 44. Rxf5 Rxh6 45. Rfd5 Rf6 46. Kb2 h6 47. Kc3 b6 48. a4 Kb7 49. b4 Nd8 50.
b5 axb5 51. axb5 Nf7 52. Re1 Rfxd6 53. Rxd6 Nxd6 54. Re5 Rg7 55. Kd4 Rxg2 56. Re7+ Kb8 57. Kd5 Nc8 58. Rh7 Rg5+ 59. Kc4 Rc5+ 60. Kb4 h5 61. f4 Rf5 62. Kc3 Rxb5 63. Kd4 Rc5 64. Rh6 Kc7 65. Rf6 Nd6 66. Re6 Rf5 67. Ke3 b5 68. Kf3 b4 69. Re3 Rb5 70. Rb3 Kc6 71.
Ke3 Kd5 72. Kd3 Nc4 73. f5 Ne5+ 74. Ke3 Kc4 75. Rb1 b3 76. f6 b2 77. Ke4 Nf7 78.
Kf4 Kc3 79. Ke3 Kc2 0-1

[Event "Early-Titled-Tuesday-Blitz-January-30-2024"]
[Site "Chess.com"]
[Date "2024.01.30"]
[Round "3"]
[White "ACollins05"]
[Black "Willhaven3"]
[Result "1/2-1/2"]
[WhiteElo "2460"]
[BlackElo "2616"]
[TimeControl "180+1"]
[EndTime "8:32:44 PST"]
[Termination "Game drawn by stalemate"]

1. d4 Nf6 2. c4 e6 3. Nf3 d5 4. g3 Be7 5. Bg2 O-O 6. O-O dxc4 7.
a4 Nc6 8. Na3 Na5 9. Qc2 c5 10. Nxc4 cxd4 11. Nxa5 Qxa5 12. Nxd4 Bb4 13. Bd2 e5 14. Nb3 Qb6 15. a5 Qb5 16. Bxb4 Qxb4 17.
a6 Rb8 18. axb7 Bxb7 19. Ra3 Bxg2 20. Kxg2 Rfc8 21. Qd3 Rd8 22. Qc3 Qe4+ 23. Qf3 Qc2 24. Qc3 Qxe2 25. Re1 Qb5 26. Rxe5 Qb7+ 27. Qf3 Qc7 28. Rc5 Qd7 29. Rca5 Ra8 30. Nc5 Qe7 31. Nd3 h6 32. Nf4 Qb4 33. Rxa7 Rxa7 34. Rxa7 Qxb2 35.
Nh5 Nxh5 36. Qxf7+ Kh8 37. Qxh5 Rf8 38. Qc5 Qf6 39. Qe3 Rd8 40. Re7 Rf8 41. Re4 Kg8 42. Rf4 Qd8 43. Qb3+ Kh8 44. Rxf8+ Qxf8 45. Qf3 Qd8 46.
h4 Kg8 47. Qb3+ Kh8 48. Qe3 Kg8 49. Kh2 Kh8 50. Qf4 Kg8 51. h5 Qe8 52. g4 Qe2 53.
Kg3 Qd3+ 54. Qf3 Qd8 55. Qe3 Qd6+ 56. f4 Qd8 57. Qe6+ Kf8 58. Qf5+ Kg8 59. Qe5 Qd3+ 60. Kf2 Qc2+ 61. Qe2 Qc5+ 62. Kg3 Qd4 63. Kf3 Qd5+ 64. Qe4 Qd1+ 65. Kg3 Qg1+ 66. Qg2 Qe3+ 67. Qf3 Qg1+ 68. Kh3 Kf8 69. f5 Qe1 70. f6 Qe5 71. fxg7+ Kxg7 72. Qf5 Qe3+ 73. Kh2 Qd2+ 74. Kg3 Qe3+ 75. Qf3 Qg1+ 76. Kh3 Qd4 77. Qg3 Qd2 78. Kh4 Qg5+ 79. Kh3 Qd2 80. Qc7+ Kf8 81. Qc8+ Kg7 82. Qb7+ Kf8 83. Qb8+ Kf7 84.
Qc7+ Kf8 85. Qg3 Kf7 86. Qf3+ Kg7 87. Qb7+ Kf8 88. Qf3+ Kg7 89. Qf5 Kg8 90. Qg6+ Kf8 91. Qf6+ Kg8 92. g5 Qxg5 93. Qxg5+ hxg5 94. Kg4 Kg7 95. Kxg5 Kh7 96. h6 Kh8 97. Kg6 Kg8 98. h7+ Kh8 99. Kh6 1/2-1/2

[Event "Early-Titled-Tuesday-Blitz-January-30-2024"]
[Site "Chess.com"]
[Date "2024.01.30"]
[Round "3"]
[White "DonkyDonkyDonkey"]
[Black "wonderfultime"]
[Result "1/2-1/2"]
[WhiteElo "2748"]
[BlackElo "3002"]
[TimeControl "180+1"]
[EndTime "8:32:47 PST"]
[Termination "Game drawn by repetition"]

1. e4 e5 2. Nf3 Nc6 3. Nc3 Nf6 4.
a3 g6 5. d4 exd4 6. Nxd4 Bg7 7. Nde2 O-O 8. g3 Re8 9. Bg2 d6 10. O-O h6 11. h3 Be6 12. Be3 Kh7 13. b3 Qd7 14. Kh2 Rad8 15. Nd5 Bxd5 16. exd5 Ne7 17. Bd4 Nf5 18. Bc3 h5 19. Qd3 Re7 20. Nd4 Nh6 21.
Rae1 Rde8 22. Rxe7 Rxe7 23. Re1 a6 24. Bd2 Qe8 25.
Rxe7 Qxe7 26. Nf3 Nf5 27. c4 Kg8 28. b4 Ne4 29. Be1 Ng5 30. Bd2 Nxf3+ 31. Bxf3 h4 32. g4 Nd4 33. Be4 a5 34. Be3 Ne2 35. Bxg6 Qe5+ 36.
Kg2 Nf4+ 37. Bxf4 Qxf4 38. Bh7+ Kh8 39. Qf5 Qxc4 40. Qh5 Qf4 41. g5 Bd4 42. Bd3+ Kg8 43. Qf3 Qxg5+ 44. Qg4 Qxg4+ 45. hxg4 axb4 46. axb4 Kg7 47. f4 Be3 48. Kf3 Bd2 49. b5 h3 50. Bf1 h2 51.
Bg2 Kg6 52. Ke4 f5+ 53. gxf5+ Kf6 54. Bh1 Bc3 55. Bg2 Bb2 56. Bh1 Kg7 57. Kf3 Bc1 58.
Kg4 Kf6 59. Bg2 Ke7 60. Kg5 Bb2 61. Kg6 Bc3 62. Bh1 Bf6 63. Bg2 Bc3 64. Bh1 Bd4 65. Bg2 Kf8 66. f6 Be3 67. Kf5 Kf7 68. Bf3 Bd2 69. Bh5+ Kf8 70. Bf3 Kf7 71. Bh5+ Kf8 72. Bf3 Bc3 73. Ke6 Bd4 74. Kd7 b6 75. Kxc7 Bc5 76. Kd7 Kf7 77. Bh1 Kxf6 78. Be4 Kf7 79. Kd8 Be3 80. Kc7 Ke7 81. Kc6 Bc5 82. Kc7 Be3 83. Kc6 Bd4 84. Kc7 Bc5 85. Kc6 Kf6 86. Kc7 Kg7 87. Kd7 Kh6 88. Bf3 Kg6 89. Ke6 Kg7 90.
f5 Kf8 91. f6 Bb4 92. Bh1 Bc5 93. Bg2 Bb4 94. Bf3 Bc5 95. Bg2 Bb4 96. Bh1 Bc5 97. Bg2 1/2-1/2

[Event "Early-Titled-Tuesday-Blitz-January-30-2024"]
[Site "Chess.com"]
[Date "2024.01.30"]
[Round "3"]
[White "SharapovEvgeny"]
[Black "WhiteKnight2612"]
[Result "0-1"]
[WhiteElo "2533"]
[BlackElo "2828"]
[TimeControl "180+1"]
[EndTime "8:32:51 PST"]
[Termination "WhiteKnight2612 won on time"]

1. e4 c5 2. Nf3 d6 3. d4 cxd4 4. Nxd4 Nf6 5. f3 Nc6 6. c4 g6 7.
Be3 Bg7 8. Nc3 O-O 9. Be2 Bd7 10.
O-O Rc8 11. Qd2 a6 12. Rac1 Re8 13. Nd5 Nxd5 14. exd5 Nxd4 15. Bxd4 Bf8 16. Rfe1 b5 17. b3 e5 18. dxe6 fxe6 19. Bf1 Qh4 20. Bf2 Qh5 21. Rcd1 Rc7 22. Bg3 e5 23. cxb5 axb5 24. Bxb5 Bxb5 25. Qd5+ Kg7 26. Qxb5 Rec8 27. a4 Qf5 28. Qd3 Rc3 29.
Qxf5 gxf5 30. Rb1 Rc2 31. b4 Ra2 32. Rec1 Rxc1+ 33. Rxc1 Rxa4 34. Rb1 Ra7 35. b5 Rb7 36. f4 Kf6 37. Bf2 Ke6 38. Kf1 Be7 39. Ke2 Bd8 40.
b6 h5 41. Kd3 Kd5 42. fxe5 dxe5 43. Rb5+ Kd6 44. Kc4 Ke6 45. Kc5 Rg7 46. b7 Bc7 47.
g3 Bb8 48. Kb6 Rd7 49. Rc5 Rd2 50. Rc8 Rb2+ 51. Kc6 Bd6 52. Re8+ Kf7 53. Ra8 Ke7 54. Ba7 Rc2+ 55. Kb5 Rxh2 56. b8=Q Bxb8 57. Bxb8 e4 58. Kc4 Rd2 59. Bf4 Rd3 60. Ra5 Kf6 61. Ra6+ Kg7 62. Be5+ Kh7 63. Rf6 Rf3 64. Bf4 h4 65. Rxf5 hxg3 66. Rh5+ Kg6 67. Rh6+ Kf5 68. Bxg3 Rxg3 69. Rh5+ Kf4 70. Rh4+ Ke3 71. Kc3 Ke2+ 72. Kc2 e3 73. Rh2+ Ke1 74. Rh1+ Kf2 75. Kd3 e2+ 76. Kd2 Rg2 77. Re1 Kf3 78. Kd3 Rg8 79. Rh1 Rd8+ 80. Kc2 Kf2 81. Rh2+ Kf3 82. Rh1 Kg2 0-1

[Event "Early-Titled-Tuesday-Blitz-January-30-2024"]
[Site "Chess.com"]
[Date "2024.01.30"]
[Round "3"]
[White "PawnEatingZombie"]
[Black "esrosenberg"]
[Result "1/2-1/2"]
[WhiteElo "2151"]
[BlackElo "2397"]
[TimeControl "180+1"]
[EndTime "8:32:57 PST"]
[Termination "Game drawn by agreement"]

1. e4 e6 2. d4 d5 3. exd5 exd5 4.
Bf4 Nf6 5. Nc3 Bd6 6. Qd2 O-O 7. O-O-O a5 8. f3 c6 9. g4 b5 10. Nh3 a4 11. Bxd6 Qxd6 12. Qf4 Qxf4+ 13. Nxf4 b4 14. Nb1 Ba6 15. Bxa6 Nxa6 16. Nd2 Ne8 17. h4 Nd6 18. h5 h6 19. Rhe1 Rfe8 20. c3 a3 21. Nb3 axb2+ 22.
Kxb2 bxc3+ 23. Kxc3 Nc7 24. Rxe8+ Ncxe8 25. Rd2 Nc4 26. Re2 Ned6 27. Nd3 Nb5+ 28. Kb4 Rb8 29. Kc5 Nc3 30. Rc2 Nxa2 31. Rxa2 Rxb3 32. Nb4 Rxf3 33.
Nxc6 Rf4 34. Ra8+ Kh7 35. Kxd5 Ne3+ 36. Kc5 Rxg4 37. d5 Rg5 38. Ne7 Rxh5 39. Kc6 Nxd5 40.
Nxd5 Rh1 41. Ra7 f5 42. Nf4 Rf1 43. Ne6 Rg1 44. Nf4 Rg4 45. Ne6 h5 46. Kd6 h4 47.
Ra2 h3 48. Ke5 Rg2 49. Ra1 h2 50. Rh1 Kh6 51. Kxf5 g6+ 52. Ke4 g5 53. Kf5 Rf2+ 54. Kg4 Kg6 55. Nxg5 Rg2+ 56. Kf3 Rxg5 57. Rxh2 Kf5 58.
Rg2 Rh5 59. Rc2 Rh3+ 60. Ke2 Ke4 61. Kd1 Kd3 62. Rd2+ Ke3 63. Re2+ Kf3 64. Rb2 Rh1+ 65. Kc2 Ke3 66. Kb3 Kd3 67. Rc2 Rh8 68. Rc3+ Kd2 69. Rc2+ Kd3 70. Rc3+ Kd4 71. Rc4+ Kd5 72. Rc3 Rb8+ 73.
Kc2 Kd4 74. Rd3+ Kc4 75. Rc3+ Kd4 76. Rd3+ Ke4 77. Rc3 Rb7 78. Rb3 Rh7 79. Kb2 Kd4 80. Ka3 Kc4 81. Rb4+ Kc3 82. Rb3+ Kc2 83. Rb2+ Kc1 84.
Rb3 Ra7+ 85. Kb4 Kc2 86. Rc3+ Kd2 87. Rb3 Kc2 88. Rc3+ Kb2 89. Rb3+ Ka2 90. Rc3 Rb7+ 91. Kc4 Kb2 92. Rd3 Rc7+ 93. Kd4 Kc2 94. Re3 Rd7+ 95.
Ke4 Kd2 96. Rh3 Re7+ 97. Kf5 Ke2 98. Kf6 Re4 99. Kf5 Re8 100. Ra3 Rf8+ 101. Ke6 Re8+ 1/2-1/2

[Event "Early-Titled-Tuesday-Blitz-January-30-2024"]
[Site "Chess.com"]
[Date "2024.01.30"]
[Round "3"]
[White "DenLaz"]
[Black "ValentinDragnev"]
[Result "0-1"]
[WhiteElo "3059"]
[BlackElo "2789"]
[TimeControl "180+1"]
[EndTime "8:33:06 PST"]
[Termination "ValentinDragnev won by resignation"]

1. d4 Nf6 2. c4 e6 3. Nf3 b6 4. g3 Ba6 5. b3 Bb4+ 6. Bd2 Be7 7.
Bg2 d5 8. O-O O-O 9. Ne5 c6 10.
Bc3 Nfd7 11. Nd3 dxc4 12. Nb4 Qc8 13. Nxa6 Qxa6 14. Nd2 cxb3 15. axb3 Qb5 16. e4 Nf6 17. Nc4 Nbd7 18. Qc2 Qh5 19. h3 c5 20. d5 exd5 21.
exd5 Rae8 22. d6 Bd8 23. Rxa7 b5 24. Ne3 c4 25. Bd4 cxb3 26. Qxb3 Re6 27. g4 Qh6 28. Nf5 Qf4 29. Qxb5 Ne5 30. Bxe5 Rxe5 31. Qc6 h5 32.
Qf3 Qg5 33. Ng3 hxg4 34. hxg4 Nxg4 35. Ra4 f5 36. Bh3 Nh6 37. Kg2 f4 38. Re4 fxg3 39. Rxe5 Qxe5 40. Qxg3 Qxg3+ 41. Kxg3 g6 42. Rd1 Kg7 43.
Kg2 Nf5 44. Rd3 Kf6 45. d7 Rf7 46. f4 Ke6 47. Rg3 Kf6 48. Rd3 Re7 49. Kf3 Ke6 50.
Kg4 Rxd7 51. Ra3 Kf6 52. Ra6+ Rd6 53. Ra3 Be7 54. Kf3 Nd4+ 55. Kg4 Nf5 56. Kf3 Re6 57. Rc3 Bb4 58. Rd3 Bd6 59. Bg4 Be7 60. Bh3 Rb6 61. Bg4 Rb4 62. Bh3 Rd4 63. Rb3 Bd6 64.
Ke2 Rxf4 65. Rb6 Ke5 66. Rb5+ Ke6 67. Rb6 Rh4 68. Bg2 Rd4 69. Bh3 Ke5 70. Rb5+ Rd5 71. Rb7 g5 72. Bg2 Rc5 73. Ra7 Kf4 74. Ra4+ Kg3 75.
Ba8 Re5+ 76. Kf1 Ne3+ 77. Ke2 Ng4+ 78. Kd3 Nf2+ 79. Kd2 g4 80. Ra3+ Kf4 81. Ra4+ Kg3 82. Ra6 Re7 83. Rxd6 Ne4+ 84. Bxe4 Rxe4 85. Rg6 Kf3 86.
Rf6+ Kg2 87. Kd3 Re8 88. Rg6 g3 89. Rf6 Kg1 90. Rg6 g2 91. Rh6 Re5 92. Kd4 Rg5 93.
Ke3 Kf1 94. Rf6+ Ke1 0-1

[Event "Early-Titled-Tuesday-Blitz-January-30-2024"]
[Site "Chess.com"]
[Date "2024.01.30"]
[Round "3"]
[White "BlackGod93"]
[Black "jjlai1111"]
[Result "1-0"]
[WhiteElo "2568"]
[BlackElo "2298"]
[TimeControl "180+1"]
[EndTime "8:33:27 PST"]
[Termination "BlackGod93 won by checkmate"]

1. e4 c6 2. d4 d5 3. exd5 cxd5 4.
c4 Nf6 5. Nc3 Nc6 6. Nf3 Bg4 7.
Be2 e6 8. Be3 Be7 9. O-O O-O 10.
c5 Ne4 11. Nd2 Nxc3 12. bxc3 Bxe2 13. Qxe2 Qa5 14. Rab1 b6 15. Nb3 Qxc3 16. Rfc1 Qb4 17. cxb6 Qxb6 18. Nc5 Qc7 19. Rb7 Qc8 20. Qb5 Rb8 21.
Rxb8 Nxb8 22. Nb7 Qe8 23. Qa5 Bf6 24. Qxa7 Qb5 25. Nd6 Qb2 26. g3 e5 27. dxe5 Bxe5 28. Nf5 d4 29. Nxd4 Bxd4 30. Qxd4 Qxa2 31. h4 Qe6 32. Rc7 Nc6 33. Qb6 Ne5 34. Qxe6 fxe6 35. Kg2 Ng4 36. Bd4 e5 37. Bc5 Re8 38. f3 Nf6 39. g4 e4 40. g5 exf3+ 41. Kxf3 Nd5 42. Rd7 Nc3 43. Bd4 Nb5 44. Rxg7+ Kf8 45. Bf6 h5 46.
gxh6 Re6 47. Ba1 Rxh6 48. Kg4 Nd6 49. Ra7 Nf7 50. Ra8+ Ke7 51. Ra7+ Kf8 52. h5 Rc6 53. Ra8+ Ke7 54. Bg7 Rc4+ 55. Kg3 Rc5 56. h6 Rh5 57. Kg4 Rh1 58. Ra7+ Ke6 59. Ra6+ Ke7 60. Ra7+ Ke6 61.
Ra6+ Ke7 62. Kf5 Rh5+ 63. Kg6 Rg5+ 64. Kh7 Rg1 65. Bf6+ Ke8 66. Ra7 Nd6 67. Re7+ Kf8 68. Ra7 Nf5 69. Ra5 Nd6 70. Bg7+ Kf7 71. Ra7+ Ke6 72.
Ra6 Ke7 73. Ra7+ Ke6 74. Kg8 Ne8 75. Ra6+ Ke7 76. Ra7+ Ke6 77. h7 Nf6+ 78. Kh8 Rh1 79. Ra6+ Ke7 80. Rxf6 Rb1 81. Kg8 Rb8+ 82. Rf8 Rb6 83.
h8=Q Kd7 84. Qh3+ Re6 85. Rf6 Kd8 86. Qxe6 Kc7 87. Rf7+ Kd8 88. Bf6# 1-0

[Event "Early-Titled-Tuesday-Blitz-January-30-2024"]
[Site "Chess.com"]
[Date "2024.01.30"]
[Round "4"]
[White "OneTrickPony_82"]
[Black "ilushka"]
[Result "0-1"]
[WhiteElo "2524"]
[BlackElo "2351"]
[TimeControl "180+1"]
[EndTime "8:35:22 PST"]
[Termination "ilushka won by resignation"]

1. d4 e6 2. Nf3 Nf6 3. c4 Bb4+ 4.
Bd2 Qe7 5. g3 Bxd2+ 6. Qxd2 Nc6 7.
Bg2 Ne4 8. Qc2 Qb4+ 9. Kf1 d5 10. e3 Qxc4+ 11. Qxc4 dxc4 12. Nfd2 Nxd2+ 13. Nxd2 Na5 14. Rc1 Bd7 15. Nxc4 Nxc4 0-1

[Event "Early-Titled-Tuesday-Blitz-January-30-2024"]
[Site "Chess.com"]
[Date "2024.01.30"]
[Round "4"]
[White "Orest_Vovk"]
[Black "LuisFSiles"]
[Result "1-0"]
[WhiteElo "2488"]
[BlackElo "2231"]
[TimeControl "180+1"]
[EndTime "8:35:36 PST"]
[Termination "Orest_Vovk won by resignation"]

1. g4 c6 2. Bg2 d6 3. h3 Nd7 4. d4 g6 5. Nc3 Bg7 6. e4 e5 7.
Be3 Ne7 8. Qd2 exd4 9. Bxd4 Ne5 10. O-O-O Qa5 11. f4 Nc4 12. Qd3 Bxd4 13. Qxd4 Qb4 14. Qxh8+ Kd7 15. Nb1 1-0

[Event "Early-Titled-Tuesday-Blitz-January-30-2024"]
[Site "Chess.com"]
[Date "2024.01.30"]
[Round "4"]
[White "Ducke13"]
[Black "UnTucopalaTimba"]
[Result "1-0"]
[WhiteElo "2281"]
[BlackElo "1917"]
[TimeControl "180+1"]
[EndTime "8:35:56 PST"]
[Termination "Ducke13 won by resignation"]

1. d4 Nf6 2. g3 e6 3. Nf3 d5 4.
Bg2 Be7 5. O-O O-O 6. c4 dxc4 7.
Qc2 a6 8. a4 Bd7 9. Rd1 Bc6 10.
Nc3 Bb4 11. Bg5 h6 12. Bxf6 Qxf6 13. e4 Nd7 14. d5 exd5 15. exd5 1-0

[Event "Early-Titled-Tuesday-Blitz-January-30-2024"]
[Site "Chess.com"]
[Date "2024.01.30"]
[Round "4"]
[White "Baku_Boulevard"]
[Black "Suleyman_Chess06"]
[Result "1-0"]
[WhiteElo "3053"]
[BlackElo "2631"]
[TimeControl "180+1"]
[EndTime "8:36:08 PST"]
[Termination "Baku_Boulevard won by resignation"]

1. g3 d5 2. Bg2 Nf6 3. d3 c6 4.
Nd2 Bf5 5. e4 Bg6 6. Qe2 e6 7.
f4 Nbd7 8. g4 Bc5 9. f5 Nxg4 10.
Qxg4 Nf6 11. Qe2 Bh5 12. Bf3 Bxf3 13. Ngxf3 exf5 14. Nb3 Bb6 15. exf5+ Kd7 16. Ne5+ Kc7 17. Nxf7 Qe8 18. Bf4+ Kd7 19. Nxh8 1-0

[Event "Early-Titled-Tuesday-Blitz-January-30-2024"]
[Site "Chess.com"]
[Date "2024.01.30"]
[Round "4"]
[White "AustinThomas12345"]
[Black "cristiano78"]
[Result "1-0"]
[WhiteElo "2507"]
[BlackElo "2263"]
[TimeControl "180+1"]
[EndTime "8:36:13 PST"]
[Termination "AustinThomas12345 won by resignation"]

1. e4 c5 2. Nf3 d6 3. d4 cxd4 4. Nxd4 Nf6 5. Nc3 g6 6. Be3 Bg7 7. f3 O-O 8. Qd2 Nc6 9. O-O-O d5 10. Qe1 Nxd4 11. Bxd4 Qa5 12. exd5 Rd8 13. Bc4 Bd7 14.
Qxe7 Re8 15. Qd6 Nh5 1-0

[Event "Early-Titled-Tuesday-Blitz-January-30-2024"]
[Site "Chess.com"]
[Date "2024.01.30"]
[Round "4"]
[White "GMRAVEN_ON_YOUTUBE"]
[Black "Siemba"]
[Result "1-0"]
[WhiteElo "2772"]
[BlackElo "2563"]
[TimeControl "180+1"]
[EndTime "8:36:14 PST"]
[Termination "GMRAVEN_ON_YOUTUBE won by resignation"]

1. f4 Nf6 2. Nf3 g6 3. e3 Bg7 4.
c4 O-O 5. Nc3 d6 6. d4 b6 7. e4 Bb7 8. Bd3 c5 9. d5 a6 10. a4 Re8 11. O-O e6 12. f5 exf5 13.
exf5 Nbd7 14. Bf4 Ne5 15. Nxe5 dxe5 16. Bg5 Qd6 17. Bxf6 1-0

[Event "Early-Titled-Tuesday-Blitz-January-30-2024"]
[Site "Chess.com"]
[Date "2024.01.30"]
[Round "4"]
[White "dianamirza"]
[Black "Aanna12"]
[Result "0-1"]
[WhiteElo "1996"]
[BlackElo "2310"]
[TimeControl "180+1"]
[EndTime "8:36:36 PST"]
[Termination "Aanna12 won by resignation"]

1. d4 Nf6 2. Nf3 d6 3. c4 Nbd7 4. Nc3 e5 5. d5 Be7 6. e4 O-O 7.
b4 a5 8. bxa5 Nc5 9. Bd3 Rxa5 10. O-O Nxd3 11. Qxd3 Nd7 12. Bd2 Nc5 13. Qc2 Ra8 14.
Rab1 f5 15. Be3 fxe4 16. Nxe4 Nxe4 17. Qxe4 Bf5 0-1

[Event "Early-Titled-Tuesday-Blitz-January-30-2024"]
[Site "Chess.com"]
[Date "2024.01.30"]
[Round "4"]
[White "Kildepiotr"]
[Black "PawnEatingZombie"]
[Result "1-0"]
[WhiteElo "2664"]
[BlackElo "2150"]
[TimeControl "180+1"]
[EndTime "8:36:39 PST"]
[Termination "Kildepiotr won by resignation"]

1. Nf3 Nf6 2. g3 g6 3. Bg2 Bg7 4. O-O O-O 5. d4 d6 6. Nbd2 Nc6 7. e4 e5 8. dxe5 Nxe5 9. Nxe5 dxe5 10. Qe2 b6 11. a4 a5 12. Rd1 Qe7 13. b3 Bb7 14.
Ba3 c5 15. Nc4 Qc7 16. Bb2 Nd7 17. Rxd7 Qxd7 18. Nxb6 Qc6 19. Nxa8 Rxa8 20. Qc4 Rc8 21. Rd1 Ba6 22. Qd5 c4 23. Qxc6 1-0

[Event "Early-Titled-Tuesday-Blitz-January-30-2024"]
[Site "Chess.com"]
[Date "2024.01.30"]
[Round "4"]
[White "Nechitaylo_Nikita"]
[Black "PattyCastillo"]
[Result "1-0"]
[WhiteElo "2308"]
[BlackElo "1993"]
[TimeControl "180+1"]
[EndTime "8:36:43 PST"]
[Termination "Nechitaylo_Nikita won by resignation"]

1. d4 d5 2. c4 c6 3. cxd5 cxd5 4. Bf4 Nf6 5. e3 Bf5 6. Nc3 a6 7. Nf3 e6 8. Qb3 Ra7 9. Be2 Bd6 10. Qa4+ Ke7 11. Bxd6+ Qxd6 12. Nb5 Qd7 13. Qa3+ Ke8 14. Nxa7 1-0

[Event "Early-Titled-Tuesday-Blitz-January-30-2024"]
[Site "Chess.com"]
[Date "2024.01.30"]
[Round "4"]
[White "NovozhilovSemen"]
[Black "HeroWilczek"]
[Result "1-0"]
[WhiteElo "2657"]
[BlackElo "2484"]
[TimeControl "180+1"]
[EndTime "8:37:02 PST"]
[Termination "NovozhilovSemen won by resignation"]

1. d4 Nf6 2. Nf3 e6 3. e3 b6 4. Bd3 Bb7 5. O-O Be7 6. c4 O-O 7. Nc3 d6 8. b3 Nbd7 9. Bb2 c5 10. d5 e5 11. Nd2 Ne8 12. f4 exf4 13. exf4 Bf6 14.
Qc2 h6 15. Nce4 Bxb2 16. Qxb2 Ndf6 17. Ng3 b5 18. Rae1 Nc7 19. h3 a5 20. Nf5 Bc8 21. Ne7+ Kh8 22. Nc6 Qd7 23. Re7 Qxe7 24. Nxe7 Rb8 25. Nc6 Rb6 26. Nxa5 bxc4 27. Naxc4 Rb4 28.
a3 Rb8 29. Nxd6 Ncxd5 30. Nxc8 Rfxc8 31. Nc4 Re8 32. Ne5 Kg8 33. Bc4 1-0

[Event "Early-Titled-Tuesday-Blitz-January-30-2024"]
[Site "Chess.com"]
[Date "2024.01.30"]
[Round "4"]
[White "FlemingA"]
[Black "Ati1517"]
[Result "1-0"]
[WhiteElo "2440"]
[BlackElo "2242"]
[TimeControl "180+1"]
[EndTime "8:37:16 PST"]
[Termination "FlemingA won by resignation"]

1. f4 Nf6 2. Nf3 g6 3. g3 Bg7 4. Bg2 O-O 5. O-O d6 6. d3 Nc6 7.
Nc3 e5 8. e4 Bg4 9. h3 Bxf3 10.
Qxf3 Nd4 11. Qf2 a6 12. Be3 c5 13. fxe5 dxe5 14. Bg5 Ng4 15. Bxd8 Nxf2 16. Be7 Rfe8 17.
Bxc5 Rac8 18. Bxd4 exd4 19. Nd5 Bh6 20. Rxf2 Be3 21.
Nxe3 dxe3 22. Re2 f5 23. Rc1 fxe4 1-0

[Event "Early-Titled-Tuesday-Blitz-January-30-2024"]
[Site "Chess.com"]
[Date "2024.01.30"]
[Round "4"]
[White "Timerkhanov"]
[Black "BJthechessgod"]
[Result "1-0"]
[WhiteElo "2657"]
[BlackElo "2410"]
[TimeControl "180+1"]
[EndTime "8:37:18 PST"]
[Termination "Timerkhanov won by resignation"]

1. d4 d5 2. Nf3 Nf6 3. g3 Bf5 4. Bg2 e6 5. O-O Be7 6. c4 c6 7.
Nc3 Nbd7 8. b3 h6 9. Bb2 O-O 10. Ne5 Nxe5 11. dxe5 Ng4 12. e4 dxe4 13. Nxe4 Qc7 14.
Nd6 Rad8 15. c5 b6 16. h3 Nxe5 17. Bxe5 bxc5 18. Nxf5 Rxd1 19. Bxc7 Rxf1+ 20. Kxf1 exf5 21. Rd1 Rc8 22. Rd7 Bf6 23. Bxc6 Be5 24. Rd8+ Rxd8 25. Bxd8 1-0

[Event "Early-Titled-Tuesday-Blitz-January-30-2024"]
[Site "Chess.com"]
[Date "2024.01.30"]
[Round "4"]
[White "snowlord"]
[Black "krucki03"]
[Result "1-0"]
[WhiteElo "2850"]
[BlackElo "2533"]
[TimeControl "180+1"]
[EndTime "8:37:23 PST"]
[Termination "snowlord won by checkmate"]

1. b3 a5 2. Nc3 g6 3. d4 d5 4. e3 Bg7 5. Bb2 Nf6 6. h4 h5 7.
Be2 c6 8. Nf3 Bg4 9. Ng5 Bxe2 10. Qxe2 Nbd7 11. O-O-O b5 12. e4 b4 13. Na4 e6 14. f3 Bh6 15. Kb1 Bxg5 16. hxg5 Nh7 17. f4 Nhf8 18. Nc5 Nxc5 19. dxc5 Rg8 20. exd5 cxd5 21.
Qb5+ Qd7 22. c6 Qc7 23. Be5 Qc8 24. Rhe1 Ra6 25. c7+ Nd7 26. Rxd5 exd5 27. Bd6# 1-0